 Dungeon Crawl Stone Soup version 0.17.1-1-g73c8601 (webtiles) character file.

6310 Ivanskos the Fighter (level 10, -14/98 HPs)
             Began as a Deep Dwarf Fighter on Dec 28, 2015.
             Was a Priest of Makhleb.
             Killed from afar by Erica (33 damage)
             ... with a bolt of poison
             ... on level 9 of the Dungeon on Dec 29, 2015.
             The game lasted 00:36:36 (6733 turns).

Ivanskos the Fighter (Deep Dwarf Fighter)           Turns: 6733, Time: 00:36:36

Health: -14/98     AC: 13    Str: 27    XL:     10   Next: 64%
Magic:  7/7        EV: 12    Int:  9    God:    Makhleb [***...]
Gold:   516        SH: 12    Dex: 12    Spells: 0 memorised, 9 levels left

rFire  . . .     SeeInvis .     A - +2 hand axe (flame)
rCold  . . .     Clarity  .     y - +0 scale mail
rNeg   . . .     SustAt   .     c - +0 shield
rPois  .         Gourm    .     H - +1 hat
rElec  .         Spirit   .     u - +2 cloak
rCorr  +         Warding  .     a - +0 pair of gloves
rMut   .         Stasis   .     (no boots)
MR     +....                    n - amulet of resist corrosion
Stlth  ..........               t - ring of wizardry
                                b - +4 ring of strength

@: lethally poisoned (-14 -> -14), non-regenerating, slowed, very slow, somewhat
resistant to hostile enchantments, extremely unstealthy
A: damage resistance, recharge devices, sense surroundings 2, slow regeneration
3
a: Device Recharging, Minor Destruction, Lesser Servant of Makhleb, Renounce
Religion


You were on level 9 of the Dungeon.
You worshipped Makhleb.
Makhleb was most pleased with you.
You were not hungry.

You visited 2 branches of the dungeon, and saw 10 of its levels.

You collected 516 gold pieces.

Inventory:

Hand Weapons
 A - a +2 hand axe of flaming (weapon)
Armour
 a - a +0 pair of gloves (worn)
 c - a +0 shield (worn)
 u - a +2 cloak (worn)
 y - a +0 scale mail (worn)
 H - a +1 hat (worn)
Jewellery
 b - a +4 ring of strength (left hand)
 n - an amulet of resist corrosion (around neck)
 t - a ring of wizardry (right hand)
Wands
 e - a wand of heal wounds (5)
 k - a wand of fire (4)
 q - a wand of random effects (12)
 w - a wand of flame (2)
 E - a wand of magic darts (35)
Scrolls
 h - a scroll of immolation
 j - 2 scrolls of teleportation
 m - a scroll of recharging
 B - a scroll of enchant armour {unknown}
 D - 3 scrolls of remove curse
 F - 3 scrolls of identify
 G - 2 scrolls of fog
 J - a scroll of enchant weapon {unknown}
 K - a scroll of amnesia
Potions
 d - a potion of might
 g - 6 potions of curing
 l - a potion of heal wounds
 o - a potion of beneficial mutation
 p - a potion of cancellation
 r - 2 potions of resistance
 s - a potion of mutation
 v - a potion of agility
 x - a potion of ambrosia {unknown}
Books
 C - a book of Death

   Spells                             Type                      Level
   a - Corpse Rot                     Necromancy                   2
   b - Sublimation of Blood           Necromancy                   2
   c - Agony                          Necromancy                   5
   d - Dispel Undead                  Necromancy                   5
   e - Excruciating Wounds            Charms/Necromancy            5
   f - Bolt of Draining               Conjuration/Necromancy       5
Comestibles
 f - 8 bread rations
 i - a meat ration
 z - 8 fruits


   Skills:
 * Level 8.6 Fighting
 + Level 7.9 Axes
 + Level 7.8 Armour
 + Level 7.5 Dodging
 - Level 1.0 Stealth
 + Level 8.0 Shields
 - Level 0.3 Evocations


You had 9 spell levels left.
You didn't know any spells.

Dungeon Overview and Level Annotations

Branches:
Dungeon (9/15)             Temple (1/1) D:4            Lair (0/8) D:8
    Orc (0/4) D:9

Altars:
Ashenzari
Cheibriados
Elyvilon
Gozag
Kikubaaqudgha
Makhleb
Nemelex Xobeh
Okawaru
Qazlal
Ru
Sif Muna
Xom
Yredelemnul

Shops:
D:6 !

Annotations:
D:9 Erica


Innate Abilities, Weirdness & Mutations

You are resistant to damage.
You can recharge devices by infusing magical energy.
You passively map the area around you.
You do not regenerate naturally.


Message History

You hear some strange, mumbled words.
Something tries to affect you, but you resist.
You barely miss something. Something hits you but does no damage.
Your shield prevents you from hitting something.
You hear some strange, mumbled words.
An orb of energy appears from out of thin air!
The orb of energy hits you!
The orb of energy explodes!
Something barely misses you.
You hit something but do no damage.
You hear some strange, mumbled words.
An orb of energy appears from out of thin air!
The orb of energy hits you!
* * * LOW HITPOINT WARNING * * *
You closely miss something. You block its attack.
You barely miss something.
You hear some strange, mumbled words.
A bolt of poison appears from out of thin air!
The bolt of poison hits you!
You are poisoned.
You die...

#.## #........'..
#.# #........###
#.# #........# #.#
##########
######'####
#.........# *
#.....†...# ** * *
#.........# * * ,
,
#........@#####...
** *
#.........{.....#
#.........#######
#.........#
#.........#
#.........#
.........#
#########


There were no monsters in sight!

Vanquished Creatures
  Gastronok (D:8)
  Pikel (D:5)
  Maurice (D:8)
  Prince Ribbit (D:5)
  Sigmund (D:4)
  Eustachio (D:4)
  A hippogriff (D:7)
  A yak (D:8)
  Edmund (D:5)
  A water moccasin (D:6)
  Duvessa (D:5)
  An ice beast (D:5)
  A black bear (D:6)
  An orc warrior (D:7)
  A phantom (D:6)
  2 ogres
  A necrophage (D:7)
  2 sky beasts
  4 slaves (D:5)
  5 centaurs
  7 giant frogs
  Dowan (D:5)
  A wyvern skeleton (D:6)
  6 killer bees (D:8)
  A water moccasin skeleton (D:6)
  A jelly (D:8)
  3 orc priests
  A hound (D:6)
  3 orc wizards
  2 iguanas
  6 worker ants
  2 centaur skeletons
  A hound skeleton (D:4)
  8 gnolls
  A worker ant zombie (D:6)
  12 adders
  2 shadow imps (D:7)
  An ooze (D:4)
  2 adder skeletons
  2 worms (D:3)
  14 orcs
  5 bats
  2 goblins
  6 hobgoblins
  12 jackals
  5 kobolds
  A ball python (D:5)
  A ball python zombie (D:5)
  13 giant cockroaches
  5 giant geckos
  3 giant newts
  5 quokkas
  A quokka zombie (D:4)
  8 rats
173 creatures vanquished.

Vanquished Creatures (others)
  A giant frog (D:6)
  An orc priest (D:6)
  An orc (D:6)
  A giant cockroach (D:6)
  A quokka skeleton (D:6)
5 creatures vanquished.

Grand Total: 178 creatures vanquished

Notes
Turn   | Place    | Note
--------------------------------------------------------------
     0 | D:1      | Ivanskos the Deep Dwarf Fighter began the quest for the Orb.
     0 | D:1      | Reached XP level 1. HP: 20/20 MP: 1/1
   181 | D:1      | Reached XP level 2. HP: 25/27 MP: 2/2
   709 | D:2      | Reached skill level 1 in Dodging
   709 | D:2      | Reached XP level 3. HP: 25/34 MP: 3/3
  1347 | D:3      | Reached skill level 4 in Armour
  1358 | D:3      | Reached XP level 4. HP: 28/42 MP: 4/4
  1428 | D:3      | Found a stormy altar of Qazlal.
  1825 | D:3      | Reached XP level 5. HP: 22/49 MP: 5/5
  1973 | D:3      | Found an iron altar of Okawaru.
  2079 | D:3      | Found a deep blue altar of Sif Muna.
  2176 | D:4      | Noticed Eustachio
  2184 | D:4      | Killed Eustachio
  2184 | D:4      | Reached XP level 6. HP: 19/56 MP: 6/6
  2235 | D:4      | Noticed Sigmund
  2253 | D:4      | Killed Sigmund
  2255 | D:4      | Found a staircase to the Ecumenical Temple.
  2262 | Temple   | Entered the Ecumenical Temple
  2286 | Temple   | Became a worshipper of Makhleb the Destroyer
  2376 | D:4      | Reached skill level 5 in Shields
  2414 | D:4      | Reached XP level 7. HP: 36/63 MP: 7/7
  2585 | D:4      | Reached * piety under Makhleb
  3205 | D:5      | Entered Level 5 of the Dungeon
  3207 | D:5      | Gained mutation: Armour fits poorly on your strangely shaped body. [potion of mutation]
  3207 | D:5      | Gained mutation: Scrolls take you a little longer to read. [potion of mutation]
  3207 | D:5      | Gained mutation: Your body sometimes deteriorates upon taking damage. [potion of mutation]
  3209 | D:5      | Gained mutation: Your flesh is heat resistant. [potion of beneficial mutation]
  3214 | D:5      | Lost mutation: Scrolls take you a little longer to read. [potion of cure mutation]
  3214 | D:5      | Lost mutation: Your body sometimes deteriorates upon taking damage. [potion of cure mutation]
  3214 | D:5      | Lost mutation: Your flesh is heat resistant. [potion of cure mutation]
  3214 | D:5      | Lost mutation: Armour fits poorly on your strangely shaped body. [potion of cure mutation]
  3226 | D:5      | Reached skill level 5 in Armour
  3252 | D:5      | Reached skill level 1 in Stealth
  3255 | D:5      | Reached skill level 5 in Axes
  3323 | D:5      | Noticed Pikel
  3334 | D:5      | Killed Pikel
  3334 | D:5      | Reached skill level 5 in Fighting
  3334 | D:5      | Reached XP level 8. HP: 19/74 MP: 8/8
  3543 | D:5      | Noticed Edmund
  3573 | D:5      | Killed Edmund
  3597 | D:5      | Found a white marble altar of Elyvilon.
  3656 | D:5      | Noticed Duvessa
  3656 | D:5      | Noticed Dowan
  3664 | D:5      | Killed Duvessa
  3668 | D:5      | Killed Dowan
  3700 | D:5      | Noticed Prince Ribbit
  3711 | D:5      | Killed Prince Ribbit
  3711 | D:5      | Reached skill level 6 in Axes
  3711 | D:5      | Reached skill level 5 in Dodging
  3742 | D:5      | Found an opulent altar of Gozag.
  3929 | D:6      | Found Bemy's Distillery.
  3982 | D:6      | Gained mutation: You passively map the area around you. [Deep Dwarf growth]
  3982 | D:6      | Reached XP level 9. HP: 72/82 MP: 8/8
  4046 | D:6      | Found a shimmering altar of Xom.
  4435 | D:6      | Found a white marble altar of Elyvilon.
  4757 | D:7      | Reached ** piety under Makhleb
  5141 | D:7      | Reached skill level 7 in Fighting
  5725 | D:8      | Found a basalt altar of Yredelemnul.
  5826 | D:8      | Noticed Maurice
  5905 | D:8      | Killed Maurice
  5964 | D:8      | Noticed Gastronok
  5967 | D:8      | Found a staircase to the Lair.
  5973 | D:8      | Reached XP level 10. HP: 39/96 MP: 8/8
  5985 | D:8      | Killed Gastronok
  5985 | D:8      | Reached skill level 8 in Fighting
  6163 | D:8      | Found a sparkling altar of Nemelex Xobeh.
  6505 | D:9      | Found a staircase to the Orcish Mines.
  6562 | D:9      | Reached *** piety under Makhleb
  6694 | D:9      | Noticed Erica
  6733 | D:9      | Killed from afar by Erica

Action                   |  1- 3 |  4- 6 |  7- 9 | 10-12 || total
-------------------------+-------+-------+-------+-------++-------
Melee: War axe           |   103 |   134 |    23 |       ||   260
       Hand axe          |       |       |   350 |    93 ||   443
       Unarmed           |       |       |    17 |       ||    17
 Abil: Device Recharging |       |       |     2 |     1 ||     3
Evoke: Wand              |       |     2 |     9 |     2 ||    13
  Use: Potion            |       |       |    12 |       ||    12
       Scroll            |       |       |    13 |       ||    13
  Eat: Meat ration       |       |     1 |     2 |       ||     3
       Pizza             |       |       |     1 |       ||     1
       Royal jelly       |       |       |       |     1 ||     1
       Beef jerky        |       |       |       |     1 ||     1
